 Dungeon Crawl Stone Soup version 0.29.0-4-gdea44cf6ec (webtiles) character file.

Game seed: 13074837954677949059

28 qw the Vexing (level 3, 0/35 HPs)
             Began as an Ogre Enchanter on Sept 4, 2022.
             Slain by a gnoll
             ... wielding a +0 club
              (3 damage)
             ... on level 2 of the Dungeon.
             The game lasted 00:00:26 (1837 turns).

qw the Vexing (Ogre Enchanter)                      Turns: 1837, Time: 00:00:26

Health: 0/35       AC:  3    Str: 14    XL:     3   Next: 14%
Magic:  6/6        EV:  9    Int: 16    God:
Gold:   39         SH:  0    Dex:  9    Spells: 6/6 levels left

rFire   . . .      SeeInvis .   Y - +0 trident
rCold   . . .      Faith    .   (no shield)
rNeg    . . .      Spirit   .   b - +0 robe
rPois   .          Reflect  .   (helmet restricted)
rElec   .          Harm     .   (no cloak)
rCorr   .          Rampage  .   (gloves unavailable)
Will    .....                   (boots unavailable)
Stlth   ++........              (no amulet)
HPRegen 0.11/turn               (no ring)
MPRegen 0.10/turn               (no ring)

@: no status effects
A: large, unfitting armour, tough skin 1
a: no special abilities


You were on level 2 of the Dungeon.
You visited 1 branch of the dungeon, and saw 2 of its levels.

You collected 39 gold pieces.


Innate Abilities, Weirdness & Mutations

You are too large for most types of armour.
You have tough skin. (AC +1)


   Skills:
 - Level 2.0 Fighting
 - Level 0.8 Short Blades
 + Level 2.1 Axes
 - Level 1.7 Dodging
 - Level 2.1 Stealth
 - Level 2.4 Spellcasting
 - Level 2.6 Hexes


You had 6 spell levels left.
You didn't know any spells.
Your spell library contained the following spells:

 Spells                   Type           Power      Damage    Failure   Level
 Ensorcelled Hibernation  Hex/Ice        12%        N/A       17%         2
 Confusing Touch          Hex            10%        N/A       21%         3
 Tukima's Dance           Hex            10%        N/A       21%         3
 Dazzling Flash           Conj/Hex       12%        N/A       34%         3

Inventory:

Hand Weapons
 Y - a +0 trident (weapon)
Missiles
 d - 5 boomerangs (quivered)
Armour
 b - a +0 robe (worn)
Scrolls
 e - a scroll of identify
Potions
 a - a potion of curing {unknown}
 f - a potion of magic {unknown}
 h - a potion of ambrosia {unknown}

Dungeon Overview and Level Annotations

Branches:
Dungeon (2/15)

Altars:


Message History

You struggle against the net.
A gnoll comes into view. It is wielding a +0 club.
You cannot throw/fire anything while held in a net.
You cannot throw/fire anything while held in a net.
You struggle against the net.
A gnoll comes into view. It is wielding a +0 club.
You struggle against the net.
The gnoll hits you from afar with a +0 spear!
You rip the net and break free!
The gnoll closely misses you.
Reach: Y) +0 trident
Press: ? - help, Dir - move target, f - gnoll You hit the gnoll but do no damage.
The gnoll hits you from afar with a +0 spear!
Reach: Y) +0 trident
Press: ? - help, Dir - move target, f - gnoll, p - gnoll You barely miss the gnoll.
The gnoll closely misses you.
You hit the gnoll.
The gnoll is moderately wounded.
The gnoll hits you from afar with a +0 spear.
The gnoll closely misses you.
You hit the gnoll but do no damage.
The gnoll is moderately wounded.
The gnoll barely misses you. The gnoll hits you but does no damage.
You hit the gnoll but do no damage.
The gnoll is moderately wounded.
The gnoll closely misses you. The gnoll misses you.
The gnoll barely misses you. The gnoll hits you with a +0 club.
You hit the gnoll.
The gnoll is severely wounded.
The gnoll hits you with a +0 club. The gnoll closely misses you.
You hit the gnoll but do no damage.
The gnoll is severely wounded.
The gnoll barely misses you. x2
You hit the gnoll.
The gnoll is almost dead.
The gnoll hits you from afar with a +0 spear.
The gnoll hits you with a +0 club.
You die... # .# ##. ##.. #gg

#g# #@#
#.# #.#
##.#
#..#
#.##
#.#
##.#
####..#


You could see 3 gnolls.

Vanquished Creatures
  2 dart slugs (D:2)
  An endoplasm (D:1)
  A giant cockroach (D:1)
  6 goblins (D:1)
  A hobgoblin (D:1)
  2 quokkas
  3 ball pythons
  A bat (D:1)
  A frilled lizard (D:1)
  A kobold (D:2)
  5 rats (D:1)
24 creatures vanquished.

Notes
Turn   | Place    | Note
-------+----------+-------------------------------------------
     0 | D:1      | qw the Ogre Enchanter began the quest for the Orb.
     0 | D:1      | Reached XP level 1. HP: 16/16 MP: 3/3
     0 | D:1      | 0 ||| qw: Version: 0.1-a-103-gd6f5d3a
     0 | D:1      | 0 ||| qw: Game counter: 5429
     0 | D:1      | 0 ||| qw: Always use a shield: true
     0 | D:1      | 0 ||| qw: God list: Okawaru
     0 | D:1      | 0 ||| qw: Allow faded altars: false
     0 | D:1      | 0 ||| qw: Do Orc after D:15 true
     0 | D:1      | 0 ||| qw: Do second Lair branch before Depths: true
     0 | D:1      | 0 ||| qw: Lair rune preference: random
     0 | D:1      | 0 ||| qw: Plans: Normal
     0 | D:1      | 0 ||| PLANNING D:1-11
    14 | D:1      | Found a faded altar of an unknown god.
   318 | D:1      | Reached skill level 1 in Axes
   369 | D:1      | Reached skill level 1 in Fighting
   545 | D:1      | Reached XP level 2. HP: 27/27 MP: 5/5
   558 | D:1      | 558 ||| SWAPPING to +0 trident.
   559 | D:1      | 559 ||| DROPPING +1 dagger.
   567 | D:1      | 567 ||| Stepping ~*~*~tactically~*~*~ (stealth).
   568 | D:1      | 568 ||| Stepping ~*~*~tactically~*~*~ (stealth).
  1307 | D:1      | 1307 ||| READING 2 scrolls labelled UNLOSULO EFOHUGG.
  1308 | D:1      | 1308 ||| READING scroll labelled CUOBBI QABO.
  1309 | D:1      | 1309 ||| DROPPING 2 potions of invisibility.
  1461 | D:2      | Reached XP level 3. HP: 35/35 MP: 6/6
  1824 | D:2      | 1824 ||| Stepping ~*~*~tactically~*~*~ (hiding).
  1825 | D:2      | 1825 ||| Stepping ~*~*~tactically~*~*~ (hiding).
  1835 | D:2      | HP: 4/35 [gnoll/+0 club (5)]
  1837 | D:2      | Slain by a gnoll

Levels and vault maps discovered:
D:1:      psy_arrival_spokes, layout_loops_corners,
          ebering_ecumenical_altar_petrified, nrook_loot_triangle
D:2:      layout_basic, corexii_item_surrounded_by_moat

Skill      XL: |  1  2  3 |
---------------+----------+-----
Axes           | 1 2 |  2.1
Fighting       | 1 2 |  2.0
Short Blades   | |  0.8
Dodging        | |  1.7
Stealth        | |  2.1
Spellcasting   | |  2.4
Hexes          | |  2.6

Action                   || total
-------------------------++-------
Melee: Dagger            ||    24
       Trident           ||    49
       Punch             ||     1
Throw: Boomerang         ||    24
  Use: Scroll            ||     2
 Stab: Sleeping          ||     1
Armor: Robe              ||    17
Dodge: Dodged            ||    32

Table legend:
 A = Non-vault XP
 B = Vault XP
 C = Vault XP percentage of total XP
 D = Non-vault monster count
 E = Vault monster count
 F = Vault count percentage of total count
                 A         B        C        D         E       F
            +---------+---------+-------+---------+---------+-------
      Total |      41 |       0 |   0.0 |      24 |       0 |   0.0
            +---------+---------+-------+---------+---------+-------
        D:1 |      28 |       0 |   0.0 |      18 |       0 |   0.0
        D:2 |      13 |       0 |   0.0 |       6 |       0 |   0.0
            +---------+---------+-------+---------+---------+-------
